[Event "GER-ch Youth U10 2019"]
[Site "Willingen"]
[Date "2019.06.11"]
[Round "5.9"]
[White "Dordevic, Tom"]
[Black "Haubold, Sebastian Marcel"]
[Result "1/2-1/2"]
[ECO "B21"]
[WhiteElo "1158"]
[BlackElo "1506"]
[Annotator "NA"]
[PlyCount "120"]
[EventDate "2019.06.07"]
[EventType "swiss"]
[EventRounds "11"]
[EventCountry "GER"]
[SourceTitle "playchess.com"]
[Source "ChessBase"]
[SourceQuality "1"]
[TimeControl "40/4500+30:900+30"]

1. e4 c5 2. d4 cxd4 3. c3 Nf6 4. e5 Nd5 5. Nf3 Nc6 6. cxd4 d6 7. exd6 Qxd6 8. Nc3 Bg4 9. Be2 e6 10. Bg5 Qb4 11. Qd2 h6 12. a3 Qb6 13. Nxd5 exd5 14. Qe3+ Be6 15. Bf4 Be7 16. O-O Bf6 17. Rfd1 O-O 18. Be5 Nxe5 19. Nxe5 Rfe8 20. Qd2 Bf5 21. Nf3 Be4 22. Rac1 Rac8 23. b4 Bxf3 24. Bxf3 Rxc1 25. Qxc1 Bxd4 26. Qd2 Qf6 27. h3 Bb2 28. Qxd5 Bxa3 29. Qxb7 Qe7 30. Qxe7 Rxe7 31. b5 Bb4 32. Kf1 Kf8 33. Bc6 f6 34. Rd8+ Kf7 35. Rd7 Rxd7 36. Bxd7 Ke7 37. Bc6 Kd6 38. Be8 Ke5 39. Bc6 f5 40. Ke2 g5 41. f3 Kf4 42. Kf1 Bc5 43. Bd5 h5 44. Bc6 g4 45. fxg4 fxg4 46. hxg4 hxg4 47. Bd5 g3 48. Bc6 Ke5 49. Bf3 Bf2 50. Bc6 Kd4 51. Be8 Kc5 52. Bd7 Kd6 53. Be8 Kc7 54. Bg6 Kb6 55. Bd3 Kc5 56. Be2 Kb4 57. Bd3 Kc3 58. Be2 Kd2 59. Bc4 Kd1 60. Be2+ Kc2 {normal} 1/2-1/2

[Event "GER-ch Youth U10 2019"]
[Site "Willingen"]
[Date "2019.06.12"]
[Round "6.1"]
[White "Grabs, Peter"]
[Black "Helms, Finn"]
[Result "0-1"]
[ECO "B13"]
[WhiteElo "1575"]
[BlackElo "1773"]
[Annotator "NA"]
[PlyCount "70"]
[EventDate "2019.06.07"]
[EventType "swiss"]
[EventRounds "11"]
[EventCountry "GER"]
[SourceTitle "playchess.com"]
[Source "ChessBase"]
[SourceQuality "1"]
[TimeControl "40/4500+30:900+30"]

1. e4 c6 2. d4 d5 3. exd5 cxd5 4. Bd3 Nc6 5. c3 Qc7 6. Ne2 Bg4 7. f3 Bh5 8. O-O Nf6 9. Bf4 Qd7 10. Re1 e6 11. Nd2 Bd6 12. Bxd6 Qxd6 13. Ng3 O-O 14. Ndf1 Bg6 15. Bxg6 hxg6 16. Qd3 a6 17. Nh1 b5 18. Nf2 b4 19. Ne3 bxc3 20. bxc3 Na5 21. Rac1 Rac8 22. c4 Nxc4 23. Nxc4 Rxc4 24. Rxc4 dxc4 25. Qxc4 Rd8 26. Rd1 Nd5 27. Ne4 Qb6 28. Kf2 Nf4 29. g3 Nd5 30. Qc5 Qb7 31. Rd2 Qb1 32. Qa3 Qb6 33. Qc5 a5 34. Qxb6 Nxb6 35. Nc5 e5 {[%emt 0:00:50] normal} 0-1

[Event "GER-ch Youth U10 2019"]
[Site "Willingen"]
[Date "2019.06.12"]
[Round "6.2"]
[White "Navarro Jahnke, Leo"]
[Black "Besou, Hussain"]
[Result "0-1"]
[ECO "A45"]
[WhiteElo "1334"]
[BlackElo "1785"]
[Annotator "NA"]
[PlyCount "22"]
[EventDate "2019.06.07"]
[EventType "swiss"]
[EventRounds "11"]
[EventCountry "GER"]
[SourceTitle "playchess.com"]
[Source "ChessBase"]
[SourceQuality "1"]
[TimeControl "40/4500+30:900+30"]

1. d4 Nf6 2. Bf4 e6 3. e3 b6 4. c3 Bb7 5. Nd2 Be7 6. Be2 Bxg2 7. Bf3 Bxh1 8. Bxh1 Nc6 9. Qa4 Nd5 10. Bg3 b5 11. Qa6 Rb8 {[%emt 0:00:07] normal} 0-1

[Event "GER-ch Youth U10 2019"]
[Site "Willingen"]
[Date "2019.06.12"]
[Round "6.3"]
[White "Sommer, Justus"]
[Black "Sauer, Tim"]
[Result "1-0"]
[ECO "B13"]
[WhiteElo "1684"]
[BlackElo "1553"]
[Annotator "NA"]
[PlyCount "71"]
[EventDate "2019.06.07"]
[EventType "swiss"]
[EventRounds "11"]
[EventCountry "GER"]
[SourceTitle "playchess.com"]
[Source "ChessBase"]
[SourceQuality "1"]
[TimeControl "40/4500+30:900+30"]

1. e4 c6 2. d4 d5 3. exd5 cxd5 4. Bd3 Nc6 5. c3 g6 6. Bf4 Bg7 7. Nf3 Nh6 8. O-O O-O 9. Re1 f6 10. Bc2 Nf7 11. Nbd2 e5 12. dxe5 fxe5 13. Be3 e4 14. Nd4 Nfe5 15. Nxc6 bxc6 16. Bc5 Rf7 17. c4 Qg5 18. Be3 Qh4 19. Qe2 Bg4 20. Qf1 Nf3+ 21. Nxf3 exf3 22. g3 Qf6 23. cxd5 cxd5 24. Bb3 Rd7 25. Rad1 Be6 26. Bd4 Qf7 27. Bxg7 Kxg7 28. Qd3 Rd6 29. Re3 Rf8 30. Rde1 Qf6 31. Qd2 Qf5 32. Qd3 Qf6 33. Re5 Qf7 34. Qe3 Rc8 35. h4 d4 {[%emt 0:04:02] normal} 36. Qe4 {[%emt 0:03:11] normal} 1-0

[Event "GER-ch Youth U10 2019"]
[Site "Willingen"]
[Date "2019.06.12"]
[Round "6.4"]
[White "Haubold, Christian Lucas"]
[Black "Freude, Paul"]
[Result "1-0"]
[ECO "B90"]
[WhiteElo "1387"]
[BlackElo "1713"]
[Annotator "NA"]
[PlyCount "36"]
[EventDate "2019.06.07"]
[EventType "swiss"]
[EventRounds "11"]
[EventCountry "GER"]
[SourceTitle "playchess.com"]
[Source "ChessBase"]
[SourceQuality "1"]
[TimeControl "40/4500+30:900+30"]

1. e4 c5 2. Nf3 d6 3. d4 cxd4 4. Nxd4 Nf6 5. Nc3 a6 6. Qf3 g6 7. Be3 Qc7 8. h3 Bg7 9. O-O-O e5 10. Nb3 a5 11. Nb5 Qc6 12. Nxd6+ Kf8 13. Nxc8 Qxc8 14. Bc5+ Kg8 15. Be7 Nbd7 16. Bb5 a4 17. Na1 Ra5 18. Bxd7 Nxd7 {[%emt 0:01:17] normal} 1-0

[Event "GER-ch Youth U10 2019"]
[Site "Willingen"]
[Date "2019.06.12"]
[Round "6.5"]
[White "Arora, Abhiraaj"]
[Black "Fietz, Nils"]
[Result "1-0"]
[ECO "C42"]
[WhiteElo "1454"]
[BlackElo "1677"]
[Annotator "NA"]
[PlyCount "77"]
[EventDate "2019.06.07"]
[EventType "swiss"]
[EventRounds "11"]
[EventCountry "GER"]
[SourceTitle "playchess.com"]
[Source "ChessBase"]
[SourceQuality "1"]
[TimeControl "40/4500+30:900+30"]

1. e4 e5 2. Nf3 Nf6 3. Nxe5 d6 4. Nf3 Nxe4 5. Nc3 Nxc3 6. dxc3 Be7 7. Be3 O-O 8. Qd2 Nc6 9. h4 Ne5 10. h5 Bg4 11. Ng5 h6 12. Ne4 d5 13. Ng3 Nc4 14. Qc1 Nxe3 15. Qxe3 Re8 16. Qd3 Bh4+ 17. Ne2 Bxh5 18. g3 Bxe2 19. Bxe2 Bf6 20. O-O-O c6 21. f4 Qb6 22. Rd2 Re3 23. Qf5 Rxg3 24. Bd3 g6 25. Qxf6 Re8 26. Qh4 Rg1+ 27. Rd1 Qe3+ 28. Kb1 Rxd1+ 29. Rxd1 h5 30. b3 Qc5 31. f5 Kg7 32. Kb2 Qe7 33. Qg3 Qe3 34. Qg2 Qh6 35. Rg1 Rg8 36. Qg3 Kh7 37. Qc7 Qg7 38. fxg6+ fxg6 39. Rxg6 {[%emt 0:00:53] normal} 1-0

[Event "GER-ch Youth U10 2019"]
[Site "Willingen"]
[Date "2019.06.12"]
[Round "6.6"]
[White "Ermitsch, Magnus"]
[Black "Scheerer, Julian"]
[Result "1-0"]
[ECO "C77"]
[WhiteElo "1843"]
[BlackElo "1395"]
[Annotator "NA"]
[PlyCount "103"]
[EventDate "2019.06.07"]
[EventType "swiss"]
[EventRounds "11"]
[EventCountry "GER"]
[SourceTitle "playchess.com"]
[Source "ChessBase"]
[SourceQuality "1"]
[TimeControl "40/4500+30:900+30"]

1. e4 e5 2. Nf3 Nc6 3. Bb5 a6 4. Ba4 Nf6 5. d4 exd4 6. O-O b5 7. Bb3 h6 8. e5 Nh7 9. Nxd4 Nxd4 10. Qxd4 Bb7 11. c3 Ng5 12. f4 Ne6 13. Qf2 Bc5 14. Be3 Bxe3 15. Qxe3 Qh4 16. Qf2 Qxf2+ 17. Rxf2 g5 18. f5 Nf4 19. Bc2 O-O-O 20. Nd2 Rde8 21. Re1 d6 22. e6 fxe6 23. fxe6 Rhf8 24. Nf3 Rxe6 25. Rxe6 Nxe6 26. Nd4 Rxf2 27. Kxf2 Nf4 28. g3 Nd5 29. Nf5 h5 30. Ng7 h4 31. gxh4 gxh4 32. Nf5 h3 33. Be4 Kd7 34. Ne3 c6 35. Bf5+ Ke7 36. Nxd5+ cxd5 37. Bxh3 a5 38. Ke3 Kf6 39. Kd4 b4 40. cxb4 axb4 41. Bg4 Bc6 42. h4 Bb7 43. h5 Bc6 44. Bf3 Be8 45. b3 Kg5 46. Kxd5 Kf4 47. Bd1 Ke3 48. Kxd6 Kd3 49. h6 Bg6 50. Bh5 Bh7 51. Bf7 Kc3 52. Ke5 {[%emt 0:00:30] normal} 1-0

[Event "GER-ch Youth U10 2019"]
[Site "Willingen"]
[Date "2019.06.12"]
[Round "6.7"]
[White "Malinowsky, Levi"]
[Black "Xue, Luka"]
[Result "1/2-1/2"]
[ECO "C55"]
[WhiteElo "1400"]
[BlackElo "1429"]
[Annotator "NA"]
[PlyCount "75"]
[EventDate "2019.06.07"]
[EventType "swiss"]
[EventRounds "11"]
[EventCountry "GER"]
[SourceTitle "playchess.com"]
[Source "ChessBase"]
[SourceQuality "1"]
[TimeControl "40/4500+30:900+30"]

1. e4 e5 2. Nf3 Nc6 3. d4 exd4 4. Bc4 Nf6 5. e5 d5 6. Bb5 Ne4 7. Nxd4 Bd7 8. Bxc6 bxc6 9. O-O g6 10. f3 Nc5 11. f4 Bg7 12. Be3 Ne6 13. Nc3 O-O 14. Qf3 f6 15. Qg3 Qe7 16. Nf3 Qb4 17. Nd1 Nc5 18. a3 Qb5 19. Nc3 Qb6 20. b4 Ne4 21. Bxb6 Nxg3 22. hxg3 cxb6 23. Rae1 Rae8 24. exf6 Bxf6 25. Ne5 Re7 26. Nxd7 Rxd7 27. Ne2 Re7 28. Nc1 Rfe8 29. Nd3 Bd4+ 30. Kh2 Rxe1 31. Rxe1 Rxe1 32. Nxe1 a5 33. Nd3 c5 34. b5 c4 35. Ne1 a4 36. Nf3 Bc5 37. Ne5 Bxa3 38. Nd7 {[%emt 0:00:21] normal} 1/2-1/2

[Event "GER-ch Youth U10 2019"]
[Site "Willingen"]
[Date "2019.06.12"]
[Round "6.8"]
[White "Klaska, Philipp Leon"]
[Black "Ruddat, Jarne"]
[Result "0-1"]
[ECO "B34"]
[WhiteElo "1444"]
[BlackElo "1350"]
[Annotator "NA"]
[PlyCount "86"]
[EventDate "2019.06.07"]
[EventType "swiss"]
[EventRounds "11"]
[EventCountry "GER"]
[SourceTitle "playchess.com"]
[Source "ChessBase"]
[SourceQuality "1"]
[TimeControl "40/4500+30:900+30"]

1. e4 c5 2. Nf3 g6 3. d4 cxd4 4. Nxd4 Nc6 5. Nc3 Bg7 6. Be3 Nf6 7. f3 O-O 8. Bc4 Qb6 9. Bb3 Nxe4 10. fxe4 Bxd4 11. Bxd4 Qxd4 12. Qxd4 Nxd4 13. O-O-O e5 14. Nd5 a5 15. Rhf1 b5 16. c3 Nxb3+ 17. axb3 Kg7 18. Nb6 Ra7 19. Rd6 a4 20. bxa4 bxa4 21. Rfd1 a3 22. b4 Rc7 23. Kc2 Rc6 24. Rxc6 dxc6 25. Nxc8 Rxc8 26. Kb3 Ra8 27. Ka2 f5 28. Rd7+ Kf6 29. Rd6+ Ke7 30. Rxc6 fxe4 31. Rc4 Kd6 32. Rxe4 Kd5 33. Re3 h5 34. Rg3 e4 35. h4 Ke5 36. c4 Kd4 37. c5 Re8 38. Rxg6 e3 39. Rd6+ Kc4 40. Rd1 Kxb4 41. Re1 Kxc5 42. Kxa3 Kd4 43. Kb3 Kd3 {[%emt 0:00:08] normal} 0-1

[Event "GER-ch Youth U10 2019"]
[Site "Willingen"]
[Date "2019.06.12"]
[Round "6.9"]
[White "Haubold, Sebastian Marcel"]
[Black "Chugunov, Ivan"]
[Result "1-0"]
[ECO "B01"]
[WhiteElo "1506"]
[BlackElo "1310"]
[Annotator "NA"]
[PlyCount "63"]
[EventDate "2019.06.07"]
[EventType "swiss"]
[EventRounds "11"]
[EventCountry "GER"]
[SourceTitle "playchess.com"]
[Source "ChessBase"]
[SourceQuality "1"]
[TimeControl "40/4500+30:900+30"]

1. e4 d5 2. exd5 Qxd5 3. Nc3 Qd6 4. d4 Nf6 5. Nf3 c6 6. Bg5 Bg4 7. Be2 Nbd7 8. Qd2 e6 9. O-O Be7 10. a3 Qc7 11. h3 Bh5 12. Rfe1 O-O 13. Rad1 h6 14. Bf4 Qc8 15. Qe3 Nd5 16. Nxd5 cxd5 17. c4 Nf6 18. c5 b6 19. b4 bxc5 20. bxc5 Bg6 21. Ne5 Bh7 22. Bd3 Bxd3 23. Rxd3 Nd7 24. Qg3 Kh7 25. Qg4 Nxe5 26. Bxe5 Rg8 27. Rg3 Qf8 28. Rb1 f6 29. Qg6+ Kh8 30. Bf4 Qe8 31. Rb7 Qxg6 32. Rxg6 {[%emt 0:00:10] normal} 1-0

[Event "GER-ch Youth U10 2019"]
[Site "Willingen"]
[Date "2019.06.12"]
[Round "7.1"]
[White "Helms, Finn"]
[Black "Besou, Hussain"]
[Result "1-0"]
[ECO "A45"]
[WhiteElo "1773"]
[BlackElo "1785"]
[Annotator "NA"]
[PlyCount "94"]
[EventDate "2019.06.07"]
[EventType "swiss"]
[EventRounds "11"]
[EventCountry "GER"]
[SourceTitle "playchess.com"]
[Source "ChessBase"]
[SourceQuality "1"]
[TimeControl "40/4500+30:900+30"]

1. d4 Nf6 2. Bf4 e6 3. e3 b6 4. Nf3 Bb7 5. Bd3 c5 6. c3 Be7 7. h3 d6 8. Nbd2 a6 9. a4 Nbd7 10. O-O e5 11. dxe5 dxe5 12. Bxe5 Nxe5 13. Nxe5 Qd5 14. Ndf3 O-O 15. Bc4 Qd6 16. Qb3 Bd5 17. Rad1 Bxc4 18. Qxc4 Qc7 19. Rd2 Bd6 20. Nd3 Rfe8 21. Nc1 Re4 22. Qb3 h6 23. c4 Rae8 24. Rfd1 R4e6 25. Rd3 Ne4 26. Ne2 Rg6 27. Nc3 Nxc3 28. Qxc3 Re4 29. Qd2 Bf8 30. b3 Qc6 31. Rd5 Qf6 32. Kf1 Qc6 33. Ne5 Rxe5 34. Rxe5 Qxg2+ 35. Ke2 Rf6 36. Rf1 Qf3+ 37. Ke1 Bd6 38. Rd5 Bh2 39. Qc2 g6 40. Qe2 Qxh3 41. Qb2 Qf3 42. Qe2 Qe4 43. Qd3 Qf3 44. a5 bxa5 45. Rxc5 Kh7 46. Rxa5 Bc7 47. Rd5 a5 {[%emt 0:02:32] normal} 1-0

[Event "GER-ch Youth U10 2019"]
[Site "Willingen"]
[Date "2019.06.12"]
[Round "7.3"]
[White "Haubold, Christian Lucas"]
[Black "Sommer, Justus"]
[Result "0-1"]
[ECO "C54"]
[WhiteElo "1387"]
[BlackElo "1684"]
[Annotator "NA"]
[PlyCount "72"]
[EventDate "2019.06.07"]
[EventType "swiss"]
[EventRounds "11"]
[EventCountry "GER"]
[SourceTitle "playchess.com"]
[Source "ChessBase"]
[SourceQuality "1"]
[TimeControl "40/4500+30:900+30"]

1. e4 e5 2. Nf3 Nc6 3. Bc4 Bc5 4. c3 Nf6 5. d4 exd4 6. cxd4 Bb4+ 7. Bd2 Bxd2+ 8. Nbxd2 d5 9. exd5 Nxd5 10. O-O O-O 11. Rc1 Bg4 12. h3 Bh5 13. Qb3 Na5 14. Qa4 Nxc4 15. Qxc4 c6 16. Rfe1 f6 17. Qb3 Rb8 18. Qa3 a6 19. Qc5 Qb6 20. Qxb6 Nxb6 21. g4 Bf7 22. b3 Nd5 23. Ra1 Nb4 24. Rec1 Rbd8 25. a3 Nd5 26. Kh2 Nf4 27. Rc3 Bg6 28. Re3 Nd5 29. Ree1 Rd7 30. Nc4 Bc2 31. b4 Bd3 32. Nb2 Bg6 33. Nc4 h5 34. Kg3 Rfd8 35. Ne3 Nc3 36. a4 Ne4+ {[%emt 0:00:27] normal} 0-1

[Event "GER-ch Youth U10 2019"]
[Site "Willingen"]
[Date "2019.06.12"]
[Round "7.5"]
[White "Sauer, Tim"]
[Black "Torosyan, Bagrat"]
[Result "1/2-1/2"]
[ECO "A34"]
[WhiteElo "1553"]
[BlackElo "1444"]
[Annotator "NA"]
[PlyCount "88"]
[EventDate "2019.06.07"]
[EventType "swiss"]
[EventRounds "11"]
[EventCountry "GER"]
[SourceTitle "playchess.com"]
[Source "ChessBase"]
[SourceQuality "1"]
[TimeControl "40/4500+30:900+30"]

1. c4 Nf6 2. Nc3 c5 3. g3 Nc6 4. Bg2 g6 5. e3 d6 6. Nge2 Bg7 7. O-O a6 8. d4 Bd7 9. b3 Rb8 10. d5 Na7 11. Bb2 O-O 12. e4 b5 13. cxb5 Nxb5 14. Qd2 Qc8 15. Nf4 Nd4 16. Nd1 Ne8 17. Nc3 Bb5 18. Nxb5 axb5 19. Ne2 Nxe2+ 20. Qxe2 Bxb2 21. Qxb2 c4 22. Rfc1 Qa6 23. bxc4 Nf6 24. cxb5 Rxb5 25. Qe2 Qa5 26. Rab1 Rfb8 27. Rxb5 Qxb5 28. Qxb5 Rxb5 29. Ra1 Ra5 30. a4 Nd7 31. Rb1 Nc5 32. Ra1 Rxa4 33. Rxa4 Nxa4 34. Kf1 Kg7 35. Ke2 Kf6 36. Ke3 g5 37. h3 Nc5 38. f4 gxf4+ 39. gxf4 e5 40. dxe6 fxe6 41. Kd4 Nd7 42. Bf3 e5+ 43. Ke3 exf4+ 44. Kxf4 Ne5 {[%emt 0:00:00] normal} 1/2-1/2

[Event "GER-ch Youth U10 2019"]
[Site "Willingen"]
[Date "2019.06.12"]
[Round "7.6"]
[White "Huber, Benedikt"]
[Black "Haubold, Sebastian Marcel"]
[Result "1-0"]
[ECO "B22"]
[WhiteElo "1441"]
[BlackElo "1506"]
[Annotator "NA"]
[PlyCount "89"]
[EventDate "2019.06.07"]
[EventType "swiss"]
[EventRounds "11"]
[EventCountry "GER"]
[SourceTitle "playchess.com"]
[Source "ChessBase"]
[SourceQuality "1"]
[TimeControl "40/4500+30:900+30"]

1. e4 c5 2. c3 d5 3. exd5 Qxd5 4. d4 Nf6 5. Nf3 Bg4 6. Be2 e6 7. Na3 a6 8. O-O Be7 9. Be3 cxd4 10. cxd4 O-O 11. Nc2 Nc6 12. h3 Bh5 13. Bf4 b5 14. Ne3 Qd7 15. Rc1 Rac8 16. Nc2 Rfd8 17. Be3 Nd5 18. Bd2 Bf6 19. Be3 Nb6 20. Ne5 Bxe5 21. dxe5 Qxd1 22. Bxd1 Bxd1 23. Bxb6 Be2 24. Rfe1 Nxe5 25. Rxe2 Rd6 26. Rxe5 Rxb6 27. Ree1 Rbc6 28. Re2 a5 29. Rd2 h6 30. Kf1 b4 31. b3 Kf8 32. Ke1 Ke7 33. Kd1 e5 34. Rb1 f5 35. Ne3 Ke6 36. Nc4 a4 37. Re2 Rd8+ 38. Ke1 Rc5 39. Rd1 Rxd1+ 40. Kxd1 axb3 41. axb3 g5 42. Rd2 Rd5 43. Rxd5 Kxd5 44. Kd2 f4 45. f3 {[%emt 0:00:52] normal} 1-0

[Event "GER-ch Youth U10 2019"]
[Site "Willingen"]
[Date "2019.06.12"]
[Round "7.7"]
[White "Ruddat, Jarne"]
[Black "Navarro Jahnke, Leo"]
[Result "1/2-1/2"]
[ECO "B23"]
[WhiteElo "1350"]
[BlackElo "1334"]
[Annotator "NA"]
[PlyCount "77"]
[EventDate "2019.06.07"]
[EventType "swiss"]
[EventRounds "11"]
[EventCountry "GER"]
[SourceTitle "playchess.com"]
[Source "ChessBase"]
[SourceQuality "1"]
[TimeControl "40/4500+30:900+30"]

1. e4 c5 2. Nc3 a6 3. f4 b5 4. g3 Bb7 5. Bg2 e6 6. d3 d5 7. exd5 exd5 8. Nce2 Nf6 9. Nf3 Nc6 10. O-O Bd6 11. Re1 O-O 12. b3 Re8 13. Bb2 Ng4 14. d4 c4 15. Nc3 Ne3 16. Qd2 b4 17. Rxe3 bxc3 18. Bxc3 Rxe3 19. Qxe3 Bb4 20. bxc4 dxc4 21. Bxb4 Nxb4 22. Qc3 Bxf3 23. Bxf3 Rc8 24. Kg2 Nd5 25. Qd2 c3 26. Qe2 g6 27. Qe4 Nb6 28. Be2 Nc4 29. Re1 Nd2 30. Qe3 Qd5+ 31. Kg1 Qxa2 32. Bd3 a5 33. Ba6 Ra8 34. Qxc3 Nb1 35. Qc4 Qb2 36. Re7 Rf8 37. Qd5 Nd2 38. Qxa5 Qxd4+ 39. Kg2 {[%emt 0:00:05] normal} 1/2-1/2

[Event "GER-ch Youth U10 2019"]
[Site "Willingen"]
[Date "2019.06.12"]
[Round "7.8"]
[White "Fietz, Nils"]
[Black "Malinowsky, Levi"]
[Result "1-0"]
[ECO "C54"]
[WhiteElo "1677"]
[BlackElo "1400"]
[Annotator "NA"]
[PlyCount "67"]
[EventDate "2019.06.07"]
[EventType "swiss"]
[EventRounds "11"]
[EventCountry "GER"]
[SourceTitle "playchess.com"]
[Source "ChessBase"]
[SourceQuality "1"]
[TimeControl "40/4500+30:900+30"]

1. e4 e5 2. Nf3 Nc6 3. Bc4 Bc5 4. c3 Nf6 5. d3 h6 6. Nbd2 d5 7. exd5 Nxd5 8. Ne4 Bb6 9. Bb5 Bg4 10. Ng3 Bxf3 11. Qxf3 Qd7 12. O-O O-O 13. Nf5 Qe6 14. Bxc6 bxc6 15. c4 Nb4 16. Qg4 g5 17. Bxg5 Kh7 18. Be7 Rg8 19. Qe4 c5 20. a3 Na6 21. Ne3+ Kh8 22. Nd5 f5 23. Qh4 Qg6 24. Bf6+ Kh7 25. Qg3 Qh5 26. Bg7 Qg6 27. Qxg6+ Kxg6 28. Bxe5 Rae8 29. f4 Re6 30. Rfe1 Rge8 31. Bc3 Rxe1+ 32. Rxe1 Rxe1+ 33. Bxe1 Kf7 34. Kf2 {[%emt 0:00:48] normal} 1-0

[Event "GER-ch Youth U10 2019"]
[Site "Willingen"]
[Date "2019.06.12"]
[Round "7.9"]
[White "Freude, Paul"]
[Black "Li, David"]
[Result "1-0"]
[ECO "B13"]
[WhiteElo "1713"]
[BlackElo "1418"]
[Annotator "NA"]
[PlyCount "89"]
[EventDate "2019.06.07"]
[EventType "swiss"]
[EventRounds "11"]
[EventCountry "GER"]
[SourceTitle "playchess.com"]
[Source "ChessBase"]
[SourceQuality "1"]
[TimeControl "40/4500+30:900+30"]

1. e4 c6 2. d4 d5 3. exd5 cxd5 4. Bd3 Nc6 5. c3 Nf6 6. Bf4 Bg4 7. Qb3 Qd7 8. Nd2 e6 9. Ngf3 Be7 10. Ne5 Qc8 11. O-O O-O 12. Rae1 Nh5 13. Nxc6 Qxc6 14. Be5 Nf6 15. c4 b6 16. Qc2 dxc4 17. Bxf6 Bxf6 18. Bxh7+ Kh8 19. Be4 Qc7 20. Bxa8 Rxa8 21. Qe4 Rd8 22. Qxg4 Rxd4 23. Qe2 Qd7 24. Nxc4 Rh4 25. Ne5 Qc7 26. Nf3 Rc4 27. Qe3 Bxb2 28. Rd1 Rc5 29. Qd2 Bf6 30. Rc1 Bc3 31. Qe3 Bb4 32. Rxc5 Bxc5 33. Qe4 Qd8 34. Qh4+ Qxh4 35. Nxh4 Kh7 36. Rd1 f6 37. Re1 e5 38. Rd1 a5 39. Rd7 Kh6 40. Nf5+ Kg6 41. Nxg7 b5 42. Rd5 Bb4 43. Ne8 Kf7 44. Nc7 Ke7 45. Nxb5 {[%emt 0:00:47] normal} 1-0

[Event "GER-ch Youth U10 2019"]
[Site "Willingen"]
[Date "2019.06.13"]
[Round "8.1"]
[White "Ermitsch, Magnus"]
[Black "Helms, Finn"]
[Result "0-1"]
[ECO "C10"]
[WhiteElo "1843"]
[BlackElo "1773"]
[Annotator "NA"]
[PlyCount "110"]
[EventDate "2019.06.07"]
[EventType "swiss"]
[EventRounds "11"]
[EventCountry "GER"]
[SourceTitle "playchess.com"]
[Source "ChessBase"]
[SourceQuality "1"]
[TimeControl "40/4500+30:900+30"]

1. e4 e6 2. d4 d5 3. Nc3 dxe4 4. Nxe4 Nd7 5. Nf3 Ngf6 6. Bd3 c5 7. O-O Nxe4 8. Bxe4 Nf6 9. Bd3 Be7 10. c3 cxd4 11. cxd4 O-O 12. Bd2 b6 13. Rc1 Bb7 14. Bc3 Nd5 15. Bb1 Bf6 16. Nd2 g6 17. Be4 Qe7 18. Re1 Rfd8 19. Qf3 Bg7 20. a3 a5 21. Qe2 Rac8 22. Bxd5 Rxd5 23. Nf3 Rcd8 24. Rcd1 Qd7 25. Rd2 Rf5 26. d5 Rxd5 27. Bxg7 Rxd2 28. Nxd2 Kxg7 29. Ne4 Qd5 30. f3 Qd4+ 31. Nf2 Qc5 32. Kh1 Qg5 33. Nh3 Qf6 34. Rc1 Rd7 35. Kg1 Qd4+ 36. Nf2 Qd2 37. Qxd2 Rxd2 38. Rb1 Bd5 39. b4 Ra2 40. bxa5 bxa5 41. Ne4 Rxa3 42. Nc5 Ra2 43. Nb3 a4 44. Nc1 Rc2 45. Nd3 a3 46. Nb4 Rb2 47. Ra1 Rxb4 48. Rxa3 Rb2 49. h3 Kf6 50. Kh2 h5 51. Kg3 g5 52. Re3 h4+ 53. Kh2 Kf5 54. Rd3 f6 55. Rc3 Kg6 {[%emt 0:00:21] normal} 0-1

[Event "GER-ch Youth U10 2019"]
[Site "Willingen"]
[Date "2019.06.13"]
[Round "8.2"]
[White "Sommer, Justus"]
[Black "Grabs, Peter"]
[Result "1/2-1/2"]
[ECO "C15"]
[WhiteElo "1684"]
[BlackElo "1575"]
[Annotator "NA"]
[PlyCount "94"]
[EventDate "2019.06.07"]
[EventType "swiss"]
[EventRounds "11"]
[EventCountry "GER"]
[SourceTitle "playchess.com"]
[Source "ChessBase"]
[SourceQuality "1"]
[TimeControl "40/4500+30:900+30"]

1. e4 e6 2. d4 d5 3. Nc3 Bb4 4. Nge2 Nf6 5. Bg5 h6 6. Bxf6 Qxf6 7. a3 Bxc3+ 8. Nxc3 dxe4 9. Nxe4 Qe7 10. Bd3 O-O 11. O-O Nd7 12. c3 b6 13. Bc2 Bb7 14. Qd3 Bxe4 15. Qxe4 Nf6 16. Qf3 Rfd8 17. Rfe1 c5 18. Rad1 cxd4 19. Rxd4 Rxd4 20. Qxa8+ Rd8 21. Qf3 Rd2 22. Re2 Rxe2 23. Qxe2 Qd6 24. h3 Kf8 25. Ba4 Qf4 26. Bc6 Qc1+ 27. Kh2 Qf4+ 28. g3 Qc7 29. Bg2 Ke7 30. c4 a5 31. Qd3 Qc5 32. f4 Qd6 33. Qc3 Qc7 34. b4 axb4 35. axb4 g6 36. c5 bxc5 37. bxc5 h5 38. Qa3 h4 39. c6+ Ke8 40. Qa8+ Ke7 41. Qb7 hxg3+ 42. Kxg3 Nh5+ 43. Kf3 Kd8 44. Qxc7+ Kxc7 45. Ke3 Kd6 46. Bf3 Nf6 47. Bg2 Nd5+ {[%emt 0:00:22] normal} 1/2-1/2

[Event "GER-ch Youth U10 2019"]
[Site "Willingen"]
[Date "2019.06.13"]
[Round "8.3"]
[White "Besou, Hussain"]
[Black "Huber, Benedikt"]
[Result "1-0"]
[ECO "C72"]
[WhiteElo "1785"]
[BlackElo "1441"]
[Annotator "NA"]
[PlyCount "95"]
[EventDate "2019.06.07"]
[EventType "swiss"]
[EventRounds "11"]
[EventCountry "GER"]
[SourceTitle "playchess.com"]
[Source "ChessBase"]
[SourceQuality "1"]
[TimeControl "40/4500+30:900+30"]

1. e4 e5 2. Nf3 Nc6 3. Bb5 a6 4. Ba4 d6 5. O-O Bg4 6. h3 h5 7. c3 Qf6 8. d3 Bxf3 9. Qxf3 Qxf3 10. gxf3 f6 11. f4 exf4 12. Bxf4 g5 13. Be3 Nge7 14. f4 Bh6 15. Nd2 Rg8 16. f5 Kd7 17. Bb3 Rh8 18. Be6+ Ke8 19. d4 g4 20. Bxh6 Rxh6 21. hxg4 hxg4 22. Rf4 Nd8 23. Raf1 g3 24. Nf3 Nxe6 25. fxe6 d5 26. e5 g2 27. Kxg2 Rg6+ 28. Kh3 fxe5 29. Nxe5 Rh6+ 30. Kg2 Ng6 31. Rf6 Nh4+ 32. Kg3 Rh8 33. R6f4 Ke7 34. Rxh4 Rag8+ 35. Kh3 Kxe6 36. Rxh8 Rxh8+ 37. Kg4 Rg8+ 38. Kh5 Rg2 39. Nd3 Kd6 40. Re1 Rd2 41. Nc5 Kc6 42. a4 Kb6 43. b4 Rh2+ 44. Kg5 Rh3 45. Re6+ Ka7 46. Re7 Rh8 47. Rxc7 Rb8 48. a5 {[%emt 0:00:25] normal} 1-0

[Event "GER-ch Youth U10 2019"]
[Site "Willingen"]
[Date "2019.06.13"]
[Round "8.4"]
[White "Freude, Paul"]
[Black "Sauer, Tim"]
[Result "0-1"]
[ECO "B13"]
[WhiteElo "1713"]
[BlackElo "1553"]
[Annotator "NA"]
[PlyCount "93"]
[EventDate "2019.06.07"]
[EventType "swiss"]
[EventRounds "11"]
[EventCountry "GER"]
[SourceTitle "playchess.com"]
[Source "ChessBase"]
[SourceQuality "1"]
[TimeControl "40/4500+30:900+30"]

1. e4 c6 2. d4 d5 3. exd5 cxd5 4. Bd3 Nc6 5. c3 Nf6 6. Bf4 g6 7. Ne2 Bg7 8. O-O O-O 9. Nd2 Nh5 10. Bg3 Nxg3 11. fxg3 e5 12. dxe5 Nxe5 13. Nb3 Ng4 14. Qd2 b6 15. h3 Ne5 16. Bc2 Nc4 17. Qc1 Re8 18. Nbd4 Bb7 19. Rf3 Qd7 20. b3 Nd6 21. Re3 Ne4 22. Bxe4 dxe4 23. Qc2 Rac8 24. Rd1 Qc7 25. Nb5 Qc5 26. Nbd4 Rcd8 27. Qb2 Ba6 28. b4 Qc4 29. Qb3 Qxb3 30. axb3 Bxe2 31. Rxe2 Bxd4+ 32. Rxd4 Rxd4 33. cxd4 f5 34. Rc2 Rd8 35. Rc4 a6 36. Rc6 b5 37. Rxa6 Rxd4 38. Kf2 Rxb4 39. Ra3 Kf7 40. Ke3 Ke6 41. Kf4 Kd5 42. Ke3 Ke5 43. g4 f4+ 44. Ke2 e3 45. Ra8 Rxb3 46. Re8+ Kf6 47. Rf8+ {[%emt 0:00:00] normal} 0-1